 Dungeon Crawl Stone Soup version 0.28.0-53-g5a82cb258f (webtiles) character file.

Game seed: 16336544534550713134

286 buhh the Insei (level 6, 0/43 HPs)
             Began as an Octopode Transmuter on June 15, 2022.
             Was an Initiate of Cheibriados.
             Slain by a phantom (2 damage)
             ... on level 5 of the Dungeon.
             The game lasted 00:10:19 (4552 turns).

buhh the Insei (Octopode Transmuter)                Turns: 4552, Time: 00:10:20

Health: 0/43       AC:  1    Str: 11    XL:     6   Next: 30%
Magic:  8/9        EV: 13    Int: 18    God:    Cheibriados [......]
Gold:   145        SH:  0    Dex: 13    Spells: 6/9 levels left

rFire   + . .      SeeInvis .     - Unarmed
rCold   . . .      Faith    .   (no shield)
rNeg    . . .      Spirit   .   (helmet currently unavailable)
rPois   .          Reflect  .   (no amulet)
rElec   .          Harm     .   k - ring of willpower
rCorr   .          Rampage  .   b - ring of protection from fire
Will    +....                   (no ring)
Stlth   +++.......              (no ring)
HPRegen 0.14/turn               (no ring)
MPRegen 0.11/turn               (no ring)
                                (no ring)
                                (no ring)

@: appendages, studying Staves, very slow
A: tentacle spike 3, almost no armour, amphibious, 8 rings, camouflage 1,
gelatinous body 1, (nimble swimmer 1), tentacles
a: End Transformation, Renounce Religion


You were on level 5 of the Dungeon.
You worshipped Cheibriados.
Cheibriados was noncommittal.
One of your tentacles had grown a beastly spike.
You visited 2 branches of the dungeon, and saw 6 of its levels.

You collected 145 gold pieces.

Inventory:

Jewellery
 b - a ring of protection from fire (right tentacle)
 k - a ring of willpower (left tentacle)
Wands
 D - a wand of acid (2)
Scrolls
 t - 2 scrolls of teleportation {!d}
 P - a scroll of magic mapping {!r!d}
Potions
 a - a potion of flight {unknown}
 i - 2 potions of lignification {unknown}
 m - a potion of berserk rage {unknown}
 K - a potion of brilliance {!q!d}
 M - a potion of heal wounds {!q!d}
 V - a potion of cancellation {!q!d}


   Skills:
 - Level 4.0 Fighting
 - Level 2.0 Dodging
 - Level 1.0 Stealth
 - Level 5.0 Unarmed Combat
 - Level 2.0 Spellcasting
 - Level 2.0 Transmutations
 * Level 1.9 Ice Magic


You had 6 spell levels left.
You knew the following spells:

 Your Spells              Type           Power      Damage    Failure   Level
a - Beastly Appendage     Tmut           18%        N/A       8%          1
b - Wereblood             Tmut           9%         N/A       12%         2

Your spell library contained the following spells:

 Spells                   Type           Power      Damage    Failure   Level
 Sting                    Tmut/Pois      20%        1d4       12%         1
 Magic Dart               Conj           4%         1d3       19%         1
 Call Imp                 Summ           1%         N/A       26%         2
 Poisonous Vapours        Pois/Air       2%         N/A       26%         2
 Spider Form              Tmut/Pois      5%         N/A       34%         3
 Mephitic Cloud           Conj/Pois/Air  1%         N/A       47%         3
 Ice Form                 Ice/Tmut       8%         N/A       63%         4
 Olgreb's Toxic Radiance  Pois           1%         N/A       87%         4


Dungeon Overview and Level Annotations

Branches:
Dungeon (5/15)             Temple (1/1) D:5

Altars:
Ashenzari
Cheibriados
Dithmenos
Elyvilon
Fedhas
Gozag
Kikubaaqudgha
Makhleb
Nemelex Xobeh
Okawaru
Qazlal
Ru
Trog
Uskayaw
Vehumet
Wu Jian
Yredelemnul
The Shining One

Shops:
D:1 (

Annotations:
D:4 exclusions: iguana and phantom


Innate Abilities, Weirdness & Mutations

One of your tentacles has grown a beastly spike.
You cannot wear most types of armour.
You are amphibious.
You can wear up to eight rings at the same time.
Your skin changes colour to match your surroundings (Stealth+).
Your rubbery body absorbs attacks. (AC +1, EV +1)
((You are camouflaged when in or above water. (Stealth+)))
You have tentacles for arms and can constrict up to eight enemies at once.


Message History

You squeeze the phantom, but do no damage.
The phantom is severely damaged.
Your tentacle spike disappears.
The phantom hits you!
The phantom blinks!
You blink.
Casting: Beastly Appendage (safe; 8% risk of failure)
Press: ? - help, Q - select action, (/) - cycle Dir - look around, f - activate One of your tentacles grows a vicious spike.
The phantom hits you.
The phantom blinks!
You blink.
You barely miss the phantom.
The phantom is severely damaged.
The phantom barely misses you.
You completely miss the phantom.
Your tentacle spike misses the phantom.
The phantom is severely damaged.
The phantom hits you!
* * * LOW HITPOINT WARNING * * *
The phantom blinks!
You blink.
You tentacle-slap the phantom.
You tentacle-slap the phantom, but do no damage.
The phantom is almost destroyed.
The phantom closely misses you.
You barely miss the phantom.
Your tentacle spike misses the phantom.
The phantom is almost destroyed.
The phantom hits you.
* * * LOW HITPOINT WARNING * * *
You closely miss the phantom.
You pierce the phantom.
Your squeeze misses the phantom.
The phantom is almost destroyed.
The phantom hits you.
* * * LOW HITPOINT WARNING * * *
The phantom blinks!
You blink.
You closely miss the phantom.
You tentacle-slap the phantom, but do no damage.
Your squeeze misses the phantom.
The phantom is almost destroyed.
The phantom barely misses you.
You tentacle-slap the phantom but do no damage.
Your tentacle spike misses the phantom.
The phantom is almost destroyed.
The phantom hits you.
You die...

###.......## ..W......
##........## ..........
##..........##
#..........
##............##
#..........
###..............#
#.........
#................##
#.........
##.................#
#........
###............W.....##
#.......#
#...##..........@.....#
##......#
...####...............##
#......# .###
##...............#
##.[#..# ##
##..............##
####... ###
##.....<........# ##..
#.### ##.............#
#.. ....###
##............# #..
......### ##...........#
######. ........###
##.........####......


You could see a phantom.

Vanquished Creatures
  A scorpion (D:4)
  A water moccasin zombie (D:5)
  A hound (D:5)
  4 gnolls
  A howler monkey skeleton (D:4)
  3 adders
  A shadow imp (D:5)
  2 dart slugs (D:1)
  6 bats
  5 endoplasms
  6 giant cockroaches
  4 goblins
  6 hobgoblins
  4 jackals (D:1)
  3 kobolds
  A quokka (D:4)
  12 ball pythons
  2 frilled lizards
  2 rats (D:1)
65 creatures vanquished.

Notes
Turn   | Place    | Note
-------+----------+-------------------------------------------
     0 | D:1      | buhh the Octopode Transmuter began the quest for the Orb.
     0 | D:1      | Reached XP level 1. HP: 13/13 MP: 3/3
   179 | D:1      | Reached XP level 2. HP: 15/18 MP: 3/5
   590 | D:1      | Found Eseak's Weapon Shop.
   826 | D:1      | Reached XP level 3. HP: 24/24 MP: 6/6
  1236 | D:2      | Found an opulent altar of Gozag.
  1607 | D:2      | Found a faded altar of an unknown god.
  1850 | D:3      | Reached XP level 4. HP: 30/30 MP: 5/7
  1927 | D:2      | Reached skill level 4 in Unarmed Combat
  2781 | D:4      | Reached XP level 5. HP: 36/36 MP: 6/8
  3281 | D:4      | Noticed a black bear
  3558 | D:5      | Entered Level 5 of the Dungeon
  3583 | D:5      | Noticed a phantom
  3624 | D:5      | Reached skill level 5 in Unarmed Combat
  3624 | D:5      | Reached XP level 6. HP: 39/43 MP: 7/9
  3627 | D:5      | Learned a level 2 spell: Wereblood
  3820 | D:5      | Found a staircase to the Ecumenical Temple.
  3826 | Temple   | Entered the Ecumenical Temple
  3870 | Temple   | Became a worshipper of Cheibriados the Contemplative
  4550 | D:5      | HP: 1/43 [phantom (6)]
  4552 | D:5      | Slain by a phantom

Illustrated notes

Levels and vault maps discovered:
D:1:      saegor_arrival_miasma, layout_rooms, serial_shops, shop
D:2:      wander_river, layout_rooms, nicolae_ecumenical_snake_handling,
          basic_altar, kennysheep_boxes
D:3:      layout_basic, grunt_ministairs_5, minmay_door_square
D:4:      layout_loops_ring, dk_noncrumbling_3, kennysheep_pointless_box,
          mrwooster_statue_mirror
D:5:      layout_cave_pods, minmay_temple_entry_waves, chequers_decorated_corner
Temple:   grunt_wide_crystal_templ

Skill      XL: |  1  2  3  4  5  6 |
---------------+-------------------+-----
Stealth        | 1 |  1.0
Fighting       | 2 3 4 |  4.0
Unarmed Combat | 4 5 |  5.0
Ice Magic      | 1 |  1.9
Dodging        | |  2.0
Spellcasting   | |  2.0
Transmutations | |  2.0

Action                   |  1- 3 |  4- 6 || total
-------------------------+-------+-------++-------
Melee: Unarmed           |    87 |    86 ||   173
       Kick              |    18 |    23 ||    41
       Constrict         |    20 |    15 ||    35
       Tentacles         |    15 |    16 ||    31
       Punch             |     2 |     3 ||     5
 Cast: Beastly Appendage |    23 |    22 ||    45
  Use: Scroll            |       |     9 ||     9
 Stab: Sleeping          |     4 |     3 ||     7
Armor: Skin              |    11 |     3 ||    14
Dodge: Dodged            |    73 |    40 ||   113
